Map: Eastwatch LE

Players

Infamous

  • Race: Zerg Zerg
  • League: Bronze
  • Spawn Location: 7:00

Shandor - Winner!

  • Race: Zerg Zerg
  • Spawn Location: 1:00

VOD

Have the link to the VOD?

Description

Time

  • Played on: Jan. 28, 2018, 7:59 p.m.
  • Length: 7:47
Show
View Real Time Build Order
Export as new Build Order

Infamous Zerg 

Build Orders: Pool First 

Get SALT Encoding   

  12  0:02  Drone  
  13  0:13  Overlord  
  13  0:23  Drone  
  14  0:35  Spawning Pool  
  13  0:50  Drone x2  
  13  0:54  Extractor  
  14  1:05  Drone  
  14  1:06  Drone  
  16  1:26  Hatchery  
  16  1:27  Drone x2  
  16  2:00  Queen  
  18  2:06  Extractor  
  18  2:08  Overlord  
  17  2:09  Drone  
  18  2:36  Zergling x4  
  18  2:37  Zergling x2  
  21  2:43  Drone  
  22  3:14  Zergling x2  
  22  3:15  Zergling x4  
  25  3:22  Queen  
  25  3:26  Drone x2  
  29  3:34  Zergling x6  
  32  3:59  Zergling x4  
  32  4:00  Zergling x2  
  35  4:12  Drone  
  27  4:25  Drone  
  26  4:41  Drone x3  
  26  4:42  Drone x2  
  29  4:48  Drone x3  
  26  5:07  Drone  
  26  5:08  Drone  
  28  5:18  Baneling Nest  
  27  5:36  Zergling x6  
  27  5:38  Drone x2  
  27  5:39  Drone  
  33  5:44  Overlord  
  33  5:57  Drone  
  34  6:14  Drone x2  
  36  6:18  Drone  
  36  6:19  Drone x4  
  41  7:12  Roach Warren  
Show
View Real Time Build Order
Export as new Build Order

Shandor Zerg - Winner!

Build Orders: Pool First 

Get SALT Encoding   

  12  0:08  Drone x2  
  14  0:17  Overlord  
  14  0:38  Spawning Pool  
  13  0:43  Overlord  
  13  0:45  Drone  
  14  0:58  Extractor  
  14  0:59  Drone x2  
  15  1:20  Drone  
  15  1:25  Queen, Zergling x2  
  19  1:36  Zergling x2  
  20  1:41  Zergling x2  
  21  1:51  Drone  
  22  2:05  Zergling x2  
  23  2:16  Drone  
  23  2:21  Baneling Nest  
  23  2:27  Spine Crawler  
  23  2:28  Zergling x2  
  22  3:15  Drone x4  
  26  3:34  Drone, Hatchery  
  26  3:46  Baneling x7  
  26  4:00  Overlord x3  
  26  4:02  Baneling  
  26  4:03  Baneling  
  26  4:13  Hatchery  
  22  4:43  Zergling x6  
  26  5:03  Baneling  
  26  5:04  Baneling x5  
  26  5:06  Zergling x4  
  28  5:08  Queen  
  28  5:12  Roach Warren  
  27  5:19  Drone x4  
  31  5:25  Extractor  
  31  5:26  Drone x3  
  33  5:31  Baneling x4  
  33  5:43  Zergling x2  
  34  6:00  Zergling x2  
  34  6:01  Zergling x8  
  39  6:15  Zergling x6  
  42  6:21  Drone x3  
  42  6:23  Baneling x2  
  45  6:59  Zergling x10  
  50  7:05  Spine Crawler  
Tags
 
League
Bronze
Matchup
ZvZ
Race
Zerg
Replay Pack
Last Remnant (2)
Spawn Locations
Cross Positions
Add a new tag
Caveats
  • Supply blocks, unpowered buildings, or Contaminate may cause inaccurate times.
  • Supply counts are checked every 10 seconds.